 Dungeon Crawl Stone Soup version 0.30-b1-2-g02819fbbbe (webtiles) character file.

Game seed: 15812945628379845964

2622030 enotiy the Conqueror (level 27, 258/258 HPs)
             Began as a Gargoyle Fighter on Nov 13, 2023.
             Was the Champion of Jiyva.
             Escaped with the Orb
             ... and 4 runes on Nov 14, 2023!
             The game lasted 04:24:47 (60278 turns).

enotiy the Conqueror (Gargoyle Fighter)            Turns: 60278, Time: 04:24:47

Health: 258/258    AC: 60    Str: 34      XL:     27
Magic:  25/25      EV: 12    Int: 12      God:    Jiyva [******]
Gold:   6469       SH: 14    Dex: 16 (18) Spells: 26/26 levels left

rFire   + . .        F - +8 mithril axe "Arga" {speed, Will+}
rCold   + . .        w - +3 warlock's mirror {omnireflect}
rNeg    + . .        M - +8 orange crystal plate armour {Archmagi, Int+3 Clar}
rPois   ∞            (no helmet)
rElec   +            x - +2 cloak {rC+}
rCorr   +            L - +1 pair of gloves "Osile" {Str+3}
SInv    .            (no boots)
Will    ++++.        j - amulet of regeneration Stlth
                     f - ring of protection from fire
HPRegen 3.03/turn    r - ring of Shadows {Umbra +Inv Stlth+}
MPRegen 0.69/turn

%: reflection, clarity, archmagi
@: flying, wreathed by umbra, studying 3 skills
A: sickness immunity, AC +20, big wings, negative energy resistance 1,
electricity resistance, torment resistance 1, petrification resistance,
iridescent scales 1, agile 2, deterioration 1, high MP 1, strong-willed 1,
robust 3, screaming 1, strong 1, teleportitis 1, pseudopods 2, translucent skin
1, engulf
0: Orb of Zot
}: 4/15 runes: barnacled, slimy, silver, gossamer
a: Renounce Religion, Evoke Invisibility, Oozemancy, Slimify


You escaped.
You worshipped Jiyva.
Jiyva was exalted by your worship.
You visited 15 branches of the dungeon, and saw 59 of its levels.
You also visited: Sewer and Ice Cave.

You collected 7363 gold pieces.
You spent 894 gold pieces at shops.

Inventory:

Hand Weapons
 a - a +9 war axe of chaos
 F - the +8 mithril axe "Arga" (weapon) {speed, Will+}
   (You acquired it on level 1 of the Lair of Beasts)

   Will:      It increases your willpower.
 P - the +10 battleaxe "Tiwyo" {heavy, +Blink}
   (You took it off an ironbound convoker on level 4 of the Vaults)

   +Blink:    It lets you blink.
Armour
 v - the +3 plate armour "Naveos" {rC++ rCorr Dex+5}
   (You found it on level 9 of the Dungeon)

   Dex:       It affects your dexterity (+5).
   rC:        It greatly protects you from cold.
   rCorr:     It protects you from acid and corrosion.
 w - the +3 warlock's mirror (worn) {omnireflect}
   (You acquired it on level 8 of the Dungeon)

   Omnireflect: It can block and reflect piercing ranged attacks and magical
   attacks against the wielder's willpower.
 x - a +2 cloak of cold resistance (worn)
 z - the +18 Lear's hauberk
   (You found it on level 8 of the Dungeon)
 L - the +1 pair of gloves "Osile" (worn) {Str+3}
   (You found it on level 3 of the Elven Halls)

   Str:       It affects your strength (+3).
 M - the +8 orange crystal plate armour (worn) {Archmagi, Int+3 Clar}
   (You found it on level 5 of the Pits of Slime)

   Int:       It affects your intelligence (+3).
   Clar:      It protects you from confusion, rage, mesmerisation and fear.
Jewellery
 d - a ring of willpower
 f - a ring of protection from fire (left hand)
 j - an amulet of regeneration (around neck)
 r - the ring of Shadows (right hand) {Umbra +Inv Stlth+}
   (You took it off an ironbound convoker on level 4 of the Vaults)

   [ring of stealth]

   Umbra:     It surrounds you with an aura of shadow, increasing your stealth
   and reducing the accuracy of all others within it.
   +Inv:      It lets you turn invisible.
   Stlth:     It makes you more stealthy.
 y - a +5 ring of evasion
 A - the ring "Yrruohif" {rN+ Stlth+}
   (You found it on level 3 of the Crypt)

   [ring of positive energy]

   rN:        It protects you from negative energy.
   Stlth:     It makes you more stealthy.
 G - the ring "Hoqarr" {Fly rF+ rN+ Int+3 Dex+2}
   (You found it on level 3 of the Crypt)

   [ring of positive energy]

   Int:       It affects your intelligence (+3).
   Dex:       It affects your dexterity (+2).
   rF:        It protects you from fire.
   rN:        It protects you from negative energy.
   Fly:       It grants you flight.
 Q - the ring "Oxaagrif" {EV+5 Dex+4}
   (You took it off a deep elf annihilator on level 3 of the Elven Halls)

   [ring of evasion]

   EV:        It affects your evasion (+5).
   Dex:       It affects your dexterity (+4).
 R - the amulet of the Four Winds {rN+ Will+++ Clar}
   (You found it on level 3 of the Elven Halls)

   [amulet of nothing]

   rN:        It protects you from negative energy.
   Clar:      It protects you from confusion, rage, mesmerisation and fear.
   Will:      It greatly increases your willpower.
 T - a +4 ring of slaying
Wands
 l - a wand of mindburst (9)
 o - a wand of quicksilver (16)
 I - a wand of charming (60)
 N - a wand of iceblast (19)
 V - a wand of flame (69)
 Z - a wand of polymorph (5)
Scrolls
 i - 3 scrolls of poison
 k - 5 scrolls of teleportation
 p - a scroll of enchant armour (quivered)
 u - 2 scrolls of silence
 B - 5 scrolls of fog
Potions
 b - a potion of brilliance
 e - 8 potions of haste
 g - a potion of might
 h - 5 potions of ambrosia
 n - 5 potions of resistance
 q - a potion of berserk rage
 s - 6 potions of invisibility
 H - 6 potions of cancellation
 S - a potion of lignification
 X - 4 potions of curing
Miscellaneous
 m - the horn of Geryon
 t - a piece from Xom's chessboard (15/15)
 J - a box of beasts
 K - a lightning rod (4/4)
 O - a phial of floods


   Skills:
 O Level 27 Fighting
 O Level 27 Axes
 + Level 23.7 Armour
 + Level 8.6 Dodging
 + Level 10.8 Stealth
 O Level 27 Shields
 + Level 4.4 Evocations


You had 26 spell levels left.
You didn't know any spells.
Your spell library contained the following spells:

 Spells                   Type           Power      Damage    Failure   Level
 Apportation              Tloc           0%         N/A       88%         1
 Freeze                   Ice            0%         1d3       88%         1
 Kiss of Death            Conj/Necr      0%         2d5       88%         1
 Magic Dart               Conj           0%         1d3       88%         1
 Necrotise                Necr           0%         1d4       88%         1
 Sandblast                Erth           0%         2d4       88%         1
 Shock                    Conj/Air       0%         1d3       88%         1
 Sting                    Tmut/Pois      0%         1d3       88%         1
 Summon Small Mammal      Summ           0%         N/A       88%         1
 Call Imp                 Summ           0%         N/A       96%         2
 Ensorcelled Hibernation  Hex/Ice        0%         N/A       96%         2
 Passwall                 Tmut/Erth      0%         N/A       96%         2
 Poisonous Vapours        Pois/Air       0%         N/A       96%         2
 Call Canine Familiar     Summ           0%         N/A       99%         3
 Dazzling Flash           Conj/Hex       0%         N/A       99%         3
 Frozen Ramparts          Ice            0%         1d1       99%         3
 Gell's Gravitas          Tloc           0%         N/A       99%         3
 Hailstorm                Conj/Ice       0%         3d3       99%         3
 Ignite Poison            Fire/Tmut/Pois 0%         N/A       99%         3
 Inner Flame              Hex/Fire       0%         N/A       99%         3
 Mephitic Cloud           Conj/Pois/Air  0%         N/A       99%         3
 Ozocubu's Armour         Ice            0%         N/A       99%         3
 Portal Projectile        Hex/Tloc       0%         N/A       99%         3
 Spider Form              Tmut/Pois      0%         N/A       99%         3
 Stone Arrow              Conj/Erth      0%         3d7       99%         3
 Summon Guardian Golem    Hex/Summ       0%         N/A       99%         3
 Teleport Other           Tloc           0%         N/A       99%         3
 Tukima's Dance           Hex            0%         N/A       99%         3
 Vampiric Draining        Necr           0%         2d6       99%         3
 Vhi's Electric Charge    Tloc/Air       0%         N/A       99%         3
 Volatile Blastmotes      Fire/Tloc      0%         2d10      99%         3
 Airstrike                Air            0%         2d(0-16)  100%        4
 Anguish                  Hex/Necr       0%         N/A       100%        4
 Animate Armour           Summ/Erth      0%         N/A       100%        4
 Animate Dead             Necr           0%         N/A       100%        4
 Cause Fear               Hex            0%         N/A       100%        4
 Ice Form                 Ice/Tmut       0%         N/A       100%        4
 Iskenderun's Mystic Bla  Conj/Tloc      0%         2d3       100%        4
 Leda's Liquefaction      Hex/Erth       0%         N/A       100%        4
 Olgreb's Toxic Radiance  Pois           0%         N/A       100%        4
 Passage of Golubria      Tloc           0%         N/A       100%        4
 Petrify                  Tmut/Erth      0%         N/A       100%        4
 Sticky Flame             Conj/Fire      0%         2d3       100%        4
 Agony                    Necr           0%         N/A       100%        5
 Alistair's Intoxication  Tmut/Pois      0%         N/A       100%        5
 Arcjolt                  Conj/Air       0%         1d10      100%        5
 Blade Hands              Tmut           0%         N/A       100%        5
 Freezing Cloud           Conj/Ice/Air   0%         6-21      100%        5
 Irradiate                Conj/Tmut      0%         3d11      100%        5
 Iskenderun's Battlesphe  Conj           0%         2d6       100%        5
 Metabolic Englaciation   Hex/Ice        0%         N/A       100%        5
 Silence                  Hex/Air        0%         N/A       100%        5
 Conjure Ball Lightning   Conj/Air       0%         3x3d6     100%        6
 Dispersal                Tloc           0%         N/A       100%        6
 Eringya's Noxious Bog    Tmut/Pois      0%         N/A       100%        6
 Iron Shot                Conj/Erth      0%         9d1       100%        6
 Plasma Beam              Fire/Air       0%         2x1d11    100%        6
 Simulacrum               Ice/Necr       0%         N/A       100%        6
 Starburst                Conj/Fire      0%         6d3       100%        6
 Enfeeble                 Hex            0%         N/A       100%        7
 Haunt                    Necr/Summ      0%         N/A       100%        7
 Malign Gateway           Summ/Tloc      0%         N/A       100%        7
 Orb of Destruction       Conj           0%         9d5       100%        7
 Ozocubu's Refrigeration  Ice            0%         4d7       100%        7
 Spellforged Servitor     Conj/Summ      0%         N/A       100%        7
 Storm Form               Tmut/Air       0%         N/A       100%        7
 Ignition                 Fire           0%         3d3       100%        8
 Infestation              Necr           0%         N/A       100%        8
 Lehudib's Crystal Spear  Conj/Erth      0%         10d2      100%        8
 Summon Horrible Things   Summ           0%         N/A       100%        8
 Chain Lightning          Conj/Air       0%         N/A       100%        9
 Fire Storm               Conj/Fire      0%         5d1       100%        9
 Shatter                  Erth           0%         3d5*      100%        9
 Cigotuvi's Dreadful Rot  Necr/Pois/Air  Unusable   N/A       N/A         2
 Sublimation of Blood     Necr           Unusable   N/A       N/A         2

Dungeon Overview and Level Annotations

Branches:
Dungeon (15/15)            Temple (1/1) D:5            Lair (5/5) D:11
 Shoals (4/4) Lair:3       Spider (4/4) Lair:3        Slime (5/5) Lair:4
    Orc (2/2) D:10            Elf (3/3) Orc:2        Vaults (5/5) D:13
  Crypt (3/3) Vaults:3       Tomb (1/3) Crypt:3      Depths (4/4) D:15
   Hell (visited)             Dis (1/7) Hell            Geh (0/7) Hell
    Coc (0/7) Hell            Tar (0/7) Hell            Zot (5/5) Depths:4
  Sewer (visited)           IceCv (visited)

Altars:
Ashenzari
Cheibriados
Dithmenos
Elyvilon
Fedhas
Gozag
Hepliaklqana
Kikubaaqudgha
Makhleb
Nemelex Xobeh
Okawaru
Qazlal
Ru
Sif Muna
Trog
Uskayaw
Vehumet
Wu Jian
Xom
Yredelemnul
Zin
The Shining One
Jiyva
Lugonu

Shops:
D:1 =   D:2 !   D:5 (   D:6 [   D:7 (   D:8 [:**=   D:13 *   Orc:1 [
Orc:2 (?:[*(   Elf:1 [:(:   Elf:2 [   Vaults:2 [*[[   Vaults:3 ?   Depths:4 ::=

Portals:
Hell: Depths:1 Depths:2 Depths:3 Depths:4
Abyss: Lair:5 Depths:1 Depths:3
Pandemonium: Depths:2
Ziggurat: Depths:4

Annotations:
Shoals:1 1 runed translucent door
Shoals:4 Mara
Slime:5 Royal Jelly
Zot:1 Parghit
Zot:4 1 runed translucent door, Yhojoizi's ghost, legendary GnFE
Zot:5 exclusion: obsidian statue


Innate Abilities, Weirdness & Mutations

You are immune to sickness and miasma.
Your stone body is resilient. (AC +20)
You are immune to poison.
Your large and strong wings let you fly.
You resist negative energy. (rN+)
You are resistant to electric shocks. (rElec)
You are resistant to unholy torment.
You are immune to petrification.
You are partially covered in iridescent scales. (AC +2)
You are very agile. (Dex +8, Str/Int -2)
Your body sometimes deteriorates upon taking damage.
You have an increased reservoir of magic. (+10% MP)
You are strong-willed. (Will+)
You are extremely robust. (+30% HP)
You occasionally shout uncontrollably at your foes.
Your muscles are strong. (Str +4, Int/Dex -1)
You are occasionally teleported next to monsters.
Armour fits poorly on your large pseudopods.
Your translucent skin slightly reduces your foes' accuracy. (Stealth+)
Your melee attacks may engulf your foes in ooze.


Message History

You destroy the large abomination!
You hear a series of splatters.
You hear a distant slurping noise.
HP restored.
You hear a distant slurping noise.
You hear a distant slurping noise. x2
You hear a distant slurping noise.
You hear a distant slurping noise. x2
You hear a distant slurping noise.
The Hell Sentinel roars!
The Hell Sentinel gestures at you.
The sphere of damnation explodes!
The damnation engulfs you!
The damnation engulfs the Hell Sentinel.
The Hell Sentinel completely resists.
You hear a roar!
You block the Hell Sentinel's attack. The Hell Sentinel barely misses you.
The Hell Sentinel hits you but does no damage.
You block the Hell Sentinel's attack.
The Hell Sentinel attacks as you move away!
The Hell Sentinel closely misses you.
The Hell Sentinel hits you but does no damage.
The sun demon shouts!
The Hell Sentinel attacks as you move away!
The Hell Sentinel hits you but does no damage. x2
You block the sun demon's attack.
There is a dry fountain, spattered with blood here.
The Hell Sentinel attacks as you move away!
The Hell Sentinel hits you but does no damage.
The Hell Sentinel misses you. The Hell Sentinel gestures at you.
Your +3 warlock's mirror {omnireflect} blocks the iron shot... and reflects it back!
The iron shot hits the Hell Sentinel!!!
The sun demon hits you but does no damage.
The sun demon attacks as you move away! The sun demon closely misses you.
The Hell Sentinel gestures at you.
The iron shot hits you but does no damage.
You block the sun demon's attack.
There is a staircase leading out of the dungeon here.
You block the sun demon's attack.
You have escaped!

##.....##### #..##
#..........###### ##.###
#.......##.1....#####..# #
#.......###..###...#..####
##.....## #.##.###......##
##.1.#######.#..##.###...
#.####⌠...⌠####.#.######
##.# #...1.###..#..# #
#..# #.@3>.##......# #
#.## #.....##.##...# #
##.# #⌠...⌠##.##...# ##
#..# ##########......####.
#1## #........########....
#.# #........########.###
##.# #.................##.
#..# #.......#.....######.
#..#
##.#.......###........


You could see a Hell Sentinel and a sun demon.

Vanquished Creatures
  6 orbs of fire
  3 dread liches
  An ancient lich (Vaults:5)
  Khufu (Crypt:3)
  A juggernaut (Depths:4)
  Mennas (Crypt:3)
  A royal mummy (Crypt:3)
  Sojobo (Vaults:3)
  Saint Roka (Elf:2)
  Bai Suzhen (Crypt:3)
  5 Killer Klowns
  Boris (Vaults:3)
  A curse toe (Zot:4)
  Margery (Crypt:1)
  5 caustic shrikes
  Geryon (Hell)
  15 golden dragons
  2 pandemonium lords
  The ghost of Poanarph the Slayer, a veteran GrVM of Kikubaaqudgha (Depths:4)
  4 bone dragons
  Arachne (Spider:2)
  2 Brimstone Fiends
  A Tzitzimitl (Depths:4)
  8 electric golems
  4 hellephants
  2 Ice Fiends (Depths:3)
  34 Orb Guardians
  A Hell Sentinel (Depths:3)
  Rupert (Lair:4)
  6 liches
  18 tentacled monstrosities
  Jorgrun (Spider:1)
  12 quicksilver dragons
  4 titans
  A deep elf master archer (Elf:3)
  4 deep elf blademasters
  15 sphinxes
  Frances (Shoals:1)
  4 krakens (Shoals:1)
  The ghost of Kiak the Executioner, an adept MiBe of Trog (Vaults:4)
  An Executioner (D:1)
  3 tengu reavers
  5 death cobs
  7 ancient champions (Crypt:3)
  20 storm dragons
  Donald (Shoals:2)
  7 draconian monks
  Kirke (D:14)
  10 shadow dragons
  A demonspawn warmonger (D:12)
  A daeva (Zot:4)
  6 fire giants
  A quicksilver elemental (Dis:1)
  8 deep elf sorcerers
  3 iron dragons
  16 draconian scorchers
  Aizul (Elf:2)
  6 frost giants
  7 draconian knights
  A balrug (Hell)
  3 emperor scorpions
  15 vault wardens
  Louise (Shoals:1)
  8 draconian stormcallers
  19 ghouls
  6 draconian shifters
  3 curse skulls
  17 ironbound preservers
  4 deep elf elementalists
  A cacodemon (Hell)
  2 orc warlords
  3 reapers
  A caustic shrike skeleton (Crypt:1)
  39 very ugly things
  3 spriggan defenders (Depths:4)
  6 war gargoyles
  7 broodmothers
  22 stone giants
  3 ironbound thunderhulks
  6 deep elf demonologists
  8 draconian annihilators
  A juggernaut skeleton (Crypt:2)
  6 grey draconians
  A demonspawn corrupter (D:12)
  7 vampire knights
  Nessos (Lair:3)
  2 elemental wellsprings (Hell)
  17 red draconians
  15 black draconians
  7 green draconians
  A minotaur (Shoals:4)
  A bennu (Tomb:1)
  9 deep elf annihilators
  5 lorocyprocas
  15 dire elephants
  13 spark wasps
  13 white draconians
  A wendigo (Hell)
  20 purple draconians
  12 yellow draconians
  Snorg (Lair:5)
  2 blizzard demons
  4 eidola
  10 merfolk impalers
  18 ettins
  A green death (Zot:5)
  A mummy priest (Crypt:3)
  4 merfolk javelineers
  9 fire dragons
  Josephine (Spider:1)
  5 deep elf death magi
  4 spriggan zombies
  6 entropy weavers
  3 deep elf high priests
  15 yaktaur captains
  7 ice dragons
  10 jiangshi
  37 vault guards
  6 hydras
  3 radroaches
  7 rakshasas
  4 spriggan skeletons (Crypt:3)
  A catoblepas (Lair:2)
  3 spriggan air magi (Depths:2)
  4 ogre magi
  4 merfolk avatars
  2 peacekeepers
  11 ironbound frosthearts
  7 merfolk aquamancers
  15 centaur warriors
  4 death knights
  10 satyrs
  34 dancing weapons
  3 alligator snapping turtles
  10 boulder beetles
  A fenstrider witch skeleton (Crypt:1)
  10 deep troll earth magi
  16 death yaks
  6 tengu warriors
  10 two-headed ogres
  10 death scarabs (Tomb:1)
  10 deep troll shamans
  17 hell hogs
  3 thrashing horrors (Lair:5)
  3 vampire magi
  2 spriggan berserkers
  A storm dragon zombie (D:15)
  9 sun demons
  8 hell knights
  3 soul eaters
  17 deep elf knights
  An emperor scorpion zombie (Crypt:2)
  A skyshark (shapeshifter) (Lair:5)
  A golden dragon zombie (Depths:1)
  5 skysharks
  A crystal echidna (Dis:1)
  8 iron trolls
  9 sea snakes
  56 deep trolls
  2 flayed ghosts
  2 shadow wraiths
  A spark wasp zombie (Depths:1)
  3 sun moths
  51 skeletal warriors
  5 pharaoh ants
  A shadow demon (Depths:3)
  8 orb spiders
  6 deep elf archers
  A bog body (Crypt:3)
  A spriggan simulacrum (Hell)
  8 lindwurms
  26 deep elf pyromancers
  3 orc knights (Vaults:1)
  9 wizards
  A shadow dragon zombie (Hell)
  11 harpies
  16 wolf spiders
  11 necromancers
  4 steelbarb worms
  8 phantasmal warriors
  2 bunyip skeletons (Crypt:3)
  3 sphinx zombies (Hell)
  A fenstrider witch simulacrum (Hell)
  21 ironbound convokers
  2 iron dragon zombies
  20 deep elf zephyrmancers
  2 tengu skeletons
  A jorogumo zombie (Crypt:2)
  2 stone giant zombies (Hell)
  36 ugly things
  12 orc sorcerers
  2 fire giant zombies
  4 cyclopes
  2 frost giant zombies
  A goliath frog skeleton (Crypt:1)
  An eleionoma zombie (Crypt:3)
  17 manticores
  13 fauns
  An iron dragon skeleton (Hell)
  An ice statue (IceCv)
  2 frost giant skeletons
  Maurice (D:13)
  16 elephants (Lair:5)
  10 water nymphs
  31 moths of wrath
  5 demonic crawlers
  A fire giant skeleton (Vaults:3)
  11 merfolk sirens
  A naga zombie (Crypt:1)
  3 stone giant skeletons
  6 smoke demons
  13 vault sentinels
  5 orange demons
  7 molten gargoyles
  8 rust devils
  A toenail golem (Zot:4)
  A titan simulacrum (Hell)
  An emperor scorpion simulacrum (Hell)
  9 cane toads
  3 centaur skeletons
  A naga skeleton (Crypt:3)
  4 gargoyles
  3 dire elephant skeletons
  10 torpor snails
  An unseen horror (D:11)
  3 ice devils
  A hellion (Hell)
  13 yaktaurs
  12 rime drakes
  3 freezing wraiths
  A rime drake (shapeshifter) (D:15)
  2 yaktaur skeletons
  3 komodo dragons
  2 tengu conjurers (D:11)
  11 guardian mummies (Crypt:3)
  A red draconian skeleton (Crypt:1)
  An alligator snapping turtle skeleton (Crypt:3)
  2 ancient zymes (Lair:5)
  A grey draconian skeleton (Crypt:2)
  A death drake zombie (Crypt:2)
  47 merfolk
  2 hellwings
  15 trolls
  8 polar bears
  An iron troll skeleton (Crypt:3)
  27 tarantellas
  17 dream sheep
  4 wind drakes
  3 harpy skeletons
  2 hornets
  28 blink frogs
  5 ettin zombies
  A wind drake (shapeshifter) (D:13)
  Sigmund (D:5)
  10 snapping turtles
  2 spriggans (Lair:5)
  3 centaur simulacra
  5 air elementals
  A black mamba zombie (Crypt:2)
  27 flying skulls
  28 jumping spiders
  12 water elementals
  A satyr skeleton (Crypt:3)
  19 culicivoras
  A stone giant simulacrum (Depths:1)
  3 ettin skeletons
  An elf skeleton (Vaults:5)
  59 yaks
  A vampire (D:14)
  10 wraiths
  A ynoxinul (Lair:5)
  5 wyverns
  3 hogs (D:14)
  3 chaos spawn
  9 basilisks
  A fire elemental (Elf:2)
  47 redbacks
  A steam dragon (Lair:2)
  Menkaure (D:6)
  6 vampire mosquitoes
  6 small abominations
  A water nymph zombie (Crypt:1)
  4 harpy simulacra (Hell)
  2 acid dragons
  A hydra simulacrum (Hell)
  2 tengu zombies (Hell)
  5 wargs
  2 glowing shapeshifter zombies (Hell)
  Edmund (D:5)
  A human simulacrum (Vaults:5)
  2 large abominations
  3 glowing shapeshifter skeletons (Vaults:3)
  10 water moccasins
  A fire bat skeleton (Crypt:3)
  22 orc warriors
  A merfolk simulacrum (Hell)
  7 ogres
  2 black bears (D:6)
  11 wolves
  3 boggarts (Vaults:4)
  13 centaurs
  2 lindwurm skeletons
  A swamp dragon skeleton (Crypt:1)
  A manticore skeleton (Crypt:2)
  A kobold brigand (D:8)
  6 necrophages
  2 scorpions
  5 bullfrogs
  A deep troll simulacrum (Hell)
  A gnoll sergeant (D:9)
  4 earth elementals
  4 human skeletons (Vaults:3)
  A cyclops skeleton (Crypt:1)
  9 wights
  A shapeshifter zombie (Crypt:3)
  A raiju zombie (Crypt:1)
  9 killer bees
  3 howler monkeys
  5 electric eels
  A lava snake (D:13)
  3 hounds (D:5)
  A jelly (D:7)
  12 orc priests
  3 gnoll boudas
  Crazy Yiuf (D:5)
  Jessica (D:2)
  A black bear skeleton (Crypt:3)
  Terence (D:2)
  5 iguanas
  3 sleepcaps
  27 orc wizards
  13 hell rats
  An acid dragon zombie (Crypt:2)
  An ogre skeleton (Crypt:1)
  9 mummies
  10 gnolls
  12 adders
  A river rat (Sewer)
  A shadow imp (D:7)
  12 white imps (Lair:2)
  A worm (D:3)
  2 dart slugs
  72 orcs
  6 endoplasms
  6 giant cockroaches
  5 goblins
  6 hobgoblins
  4 jackals
  4 quokkas
  10 ball pythons
  12 bats
  6 frilled lizards
  12 kobolds
  A kobold skeleton (Crypt:1)
  An orc zombie (Crypt:3)
  A quokka zombie (Crypt:1)
  7 rats
  A spectral weapon (Elf:3)
  10 tentacles (Shoals:1)
2475 creatures vanquished.

Vanquished Creatures (collateral kills)
  A ghost moth (Spider:4)
  2 orb spiders
  A wolf spider (Spider:1)
  A tarantella (Spider:1)
  A redback (Spider:4)
6 creatures vanquished.

Vanquished Creatures (others)
  2 dread liches (Zot:5)
  A sphinx (Tomb:1)
  A fire giant (Vaults:5)
  A draconian knight (Zot:1)
  A draconian stormcaller (Depths:4)
  An ironbound thunderhulk (Vaults:2)
  A stone giant (Depths:1)
  A red draconian (Depths:4)
  A spark wasp (Depths:4)
  An ettin (Vaults:5)
  2 fire dragons
  An entropy weaver (shapeshifter) (Vaults:5)
  A deep elf high priest (Elf:3)
  9 great orbs of eyes
  3 ironbound frosthearts
  An alligator (shapeshifter) (Vaults:5)
  6 glowing orange brains (Depths:1)
  An orb spider (shapeshifter) (D:13)
  2 glowing orange brains (shapeshifter)
  2 wizards
  2 necromancers (Depths:1)
  4 deep elf pyromancers
  A sphinx zombie (Depths:1)
  An iron dragon zombie (Depths:1)
  A faun (Shoals:4)
  3 ugly things (Depths:1)
  11 eyes of devastation (Depths:1)
  A water nymph (shapeshifter) (Vaults:2)
  2 vault sentinels
  An efreet (D:13)
  A spark wasp simulacrum (Depths:1)
  2 yaktaurs
  2 tengu conjurers
  2 trolls (D:13)
  A blink frog (Lair:5)
  2 dream sheep (Shoals:4)
  A dream sheep (shapeshifter) (Depths:4)
  A blink frog (shapeshifter) (Vaults:5)
  19 slime creatures
  A centaur simulacrum (D:13)
  A water elemental (Depths:1)
  A yak (Lair:5)
  A golden eye (shapeshifter) (Vaults:5)
  A fire elemental (Elf:2)
  A floating eye (Depths:3)
  A neqoxec (Depths:2)
  A redback (shapeshifter) (Vaults:5)
  A swamp worm (shapeshifter) (Vaults:5)
  A glowing shapeshifter skeleton (Vaults:5)
  A human (D:8)
  An ogre (shapeshifter) (Lair:5)
  A kobold brigand (D:8)
  255 jellies
  2 orc wizards (Orc:2)
  4 orcs
  42 fungi
  66 plants
  22 tentacles (Shoals:1)
  6 withered plants
507 creatures vanquished.

Grand Total: 2988 creatures vanquished

Notes
Turn   | Place    | Note
-------+----------+-------------------------------------------
     0 | D:1      | enotiy the Gargoyle Fighter began the quest for the Orb.
     0 | D:1      | Reached XP level 1. HP: 14/14 MP: 1/1
   118 | D:1      | Reached XP level 2. HP: 13/19 MP: 2/2
   241 | D:1      | Found Voopaof's Jewellery Boutique.
   268 | D:1      | Found a faded altar of an unknown god.
   523 | D:2      | Found Udinurph's Distillery.
   582 | D:2      | Reached XP level 3. HP: 21/23 MP: 3/3
   760 | D:2      | Noticed Jessica
   766 | D:2      | Killed Jessica
   767 | D:2      | Reached XP level 4. HP: 23/29 MP: 4/4
   885 | D:2      | Noticed Terence
   898 | D:2      | Killed Terence
  1377 | D:3      | Found a shimmering blue altar of Sif Muna.
  1591 | D:3      | Found a blossoming altar of Fedhas.
  1643 | D:3      | Reached XP level 5. HP: 28/33 MP: 5/5
  1682 | D:3      | Found a burning altar of Makhleb.
  2296 | D:4      | Reached XP level 6. HP: 33/38 MP: 6/6
  2542 | D:4      | Found a glowing drain.
  2551 | Sewer    | Entered a sewer
  3497 | D:2      | Bought a potion of heal wounds for 70 gold pieces
  3497 | D:2      | Bought a potion of heal wounds for 70 gold pieces
  3497 | D:2      | Bought a potion of heal wounds for 70 gold pieces
  3568 | D:5      | Entered Level 5 of the Dungeon
  3568 | D:5      | Found Tuilaes's Weapon Emporium.
  3572 | D:5      | Reached skill level 5 in Armour
  3572 | D:5      | Reached skill level 1 in Dodging
  3572 | D:5      | Reached XP level 7. HP: 44/44 MP: 7/7
  3627 | D:5      | Noticed Sigmund
  3649 | D:5      | Killed Sigmund
  3650 | D:5      | Reached skill level 5 in Axes
  3781 | D:5      | Noticed Edmund
  3934 | D:5      | Found a runed translucent door.
  3935 | D:5      | Noticed Crazy Yiuf
  4153 | D:5      | Found a staircase to the Ecumenical Temple.
  4160 | D:5      | Reached skill level 5 in Fighting
  4160 | D:5      | Reached XP level 8. HP: 30/49 MP: 8/8
  4321 | Temple   | Entered the Ecumenical Temple
  4912 | D:5      | Found a sparkling altar of Nemelex Xobeh.
  4989 | D:5      | Killed Edmund
  5254 | D:5      | Killed Crazy Yiuf
  5638 | D:6      | Found a hazy altar of Hepliaklqana.
  5698 | D:6      | Noticed Menkaure
  5977 | D:6      | Reached skill level 1 in Stealth
  6078 | D:6      | Killed Menkaure
  6407 | D:6      | Found a bloodstained altar of Trog.
  6412 | D:6      | Found Antiawum's Armour Shoppe.
  6635 | D:2      | Bought a potion of invisibility for 112 gold pieces
  6659 | D:2      | Gained mutation: Your magical capacity is low. (-10% MP)
                  | [potion of mutation]
  6659 | D:2      | Gained mutation: Your mind is acute. (Int +4, Str/Dex -1)
                  | [potion of mutation]
  6660 | D:2      | Lost mutation: Your mind is acute. (Int +4, Str/Dex -1)
                  | [potion of mutation]
  6660 | D:2      | Lost mutation: Your magical capacity is low. (-10% MP)
                  | [potion of mutation]
  6660 | D:2      | Gained mutation: Your spells are a little harder to cast,
                  | but a little more powerful. [potion of mutation]
  6660 | D:2      | Gained mutation: Your spells are harder to cast, but more
                  | powerful. [potion of mutation]
  6661 | D:2      | Lost mutation: Your spells are harder to cast, but more
                  | powerful. [potion of mutation]
  6661 | D:2      | Lost mutation: Your spells are a little harder to cast, but
                  | a little more powerful. [potion of mutation]
  6661 | D:2      | Gained mutation: You occasionally lose the ability to read
                  | scrolls when taking damage. [potion of mutation]
  6662 | D:2      | Lost mutation: You occasionally lose the ability to read
                  | scrolls when taking damage. [potion of mutation]
  6662 | D:2      | Gained mutation: You are agile. (Dex +4, Str/Int -1)
                  | [potion of mutation]
  6662 | D:2      | Gained mutation: You possess an exceptional clarity of
                  | mind. [potion of mutation]
  6662 | D:2      | Gained mutation: You expend magic power (3 MP) to
                  | strengthen your wands. [potion of mutation]
  6791 | D:7      | Found a glowing golden altar of the Shining One.
  6791 | D:7      | Found a shimmering altar of Xom.
  6935 | D:7      | Reached XP level 9. HP: 38/55 MP: 9/9
  7058 | D:7      | Found Aked's Weapon Shoppe.
  7145 | D:7      | Found an ornate altar of the Wu Jian Council.
  7145 | D:7      | Noticed a troll
  7153 | D:7      | Killed a troll
  8136 | D:8      | Found Ara Jeuq's Book Boutique.
  8177 | D:8      | Found Hoaclefi's Jewellery Emporium.
  8186 | D:8      | Identified a scroll of acquirement
  8186 | D:8      | Acquired the +3 warlock's mirror {omnireflect}
  8186 | D:8      | Found the +3 warlock's mirror {omnireflect}
  8200 | D:8      | Found Dyfokep's Assorted Antiques.
  8222 | D:8      | Found Hestriota's General Store.
  8301 | D:8      | Found an ancient bone altar of Kikubaaqudgha.
  8316 | D:8      | Found a hide-covered altar of Uskayaw.
  8335 | D:8      | Reached skill level 5 in Shields
  8420 | D:8      | Found a white marble altar of Elyvilon.
  8462 | D:8      | Found the +18 Lear's hauberk
  8582 | D:8      | Found Usempem's Armour Boutique.
  8933 | D:9      | Noticed a two-headed ogre
  8941 | D:9      | Reached XP level 10. HP: 59/61 MP: 10/10
  8982 | D:8      | Killed a two-headed ogre
  9161 | D:9      | Reached skill level 10 in Axes
  9405 | D:9      | Found a stormy altar of Qazlal.
  9405 | D:9      | Identified the +1 leather armour of Words of Power {MP+9}
  9411 | D:9      | Found a snail-covered altar of Cheibriados.
  9413 | D:9      | Noticed a two-headed ogre
  9415 | D:9      | Identified the +3 plate armour "Naveos" {rC++ rCorr Dex+5}
  9437 | D:9      | Killed a two-headed ogre
  9922 | D:10     | Entered Level 10 of the Dungeon
  9964 | D:10     | Noticed a gargoyle
  9968 | D:10     | Found a staircase to the Orcish Mines.
  9971 | D:10     | Killed a gargoyle
  9972 | D:10     | Reached XP level 11. HP: 42/68 MP: 4/11
 10090 | D:10     | Noticed a two-headed ogre
 10102 | D:10     | Killed a two-headed ogre
 10935 | D:11     | Noticed a manticore
 10942 | D:11     | Killed a manticore
 11102 | D:11     | Noticed a two-headed ogre
 11109 | D:11     | Killed a two-headed ogre
 11615 | D:11     | Found a staircase to the Lair.
 11949 | Lair:1   | Entered Level 1 of the Lair of Beasts
 12130 | Lair:1   | Acquired the +8 mithril axe "Arga" {speed, Will+}
 12130 | Lair:1   | Found the +8 mithril axe "Arga" {speed, Will+}
 12185 | Lair:1   | Reached skill level 1 in Evocations
 12185 | Lair:1   | Reached XP level 12. HP: 69/75 MP: 12/12
 12869 | Lair:2   | Noticed a six-headed hydra
 12883 | Lair:2   | Killed an eight-headed hydra
 13056 | Lair:2   | Found a frozen archway.
 13103 | IceCv    | Entered an ice cave
 13243 | IceCv    | Noticed a death yak
 13246 | IceCv    | Noticed a death yak
 13254 | IceCv    | Killed a death yak
 13267 | IceCv    | Killed a death yak
 13573 | IceCv    | Noticed a death yak
 13590 | IceCv    | Killed a death yak
 13591 | IceCv    | Reached skill level 10 in Armour
 13612 | IceCv    | Reached XP level 13. HP: 69/80 MP: 9/13
 13838 | IceCv    | Noticed a frost giant
 13879 | IceCv    | Reached skill level 10 in Fighting
 14841 | Lair:3   | Found a hole to the Spider Nest.
 14925 | Lair:3   | Found a staircase to the Shoals.
 15344 | Lair:3   | Noticed Nessos
 15354 | Lair:3   | Killed Nessos
 15617 | Lair:4   | Found a staircase to the Slime Pits.
 15617 | Lair:4   | Found a viscous altar of Jiyva.
 15625 | Lair:4   | Became a worshipper of Jiyva Joithroc the Shapeless
 15711 | Lair:4   | Reached skill level 15 in Axes
 15949 | Lair:4   | Reached * piety under Jiyva
 15987 | Lair:4   | Reached skill level 10 in Shields
 16236 | Lair:4   | Gained mutation: Your large and strong wings let you fly.
                  | [Gargoyle growth]
 16236 | Lair:4   | Reached XP level 14. HP: 88/88 MP: 14/14
 16313 | Lair:5   | Entered Level 5 of the Lair of Beasts
 16313 | Lair:5   | Noticed Rupert
 16426 | Lair:5   | Reached ** piety under Jiyva
 16429 | Lair:5   | Noticed Snorg
 16444 | Lair:5   | Killed Snorg
 16725 | Lair:4   | Killed Rupert
 17158 | Lair:5   | Found a corrupted altar of Lugonu.
 17172 | Lair:5   | Found a one-way gate to the infinite horrors of the Abyss.
 17519 | Lair:5   | Reached skill level 5 in Dodging
 17519 | Lair:5   | Reached XP level 15. HP: 79/97 MP: 12/15
 17608 | Lair:5   | Reached *** piety under Jiyva
 18217 | D:12     | Found a gate leading to a gauntlet.
 18446 | D:12     | Lost mutation: You expend magic power (3 MP) to strengthen
                  | your wands. [Jiyva's grace]
 18446 | D:12     | Gained mutation: Your body has grown eyes which may confuse
                  | attackers. (Acc +3) [Jiyva's grace]
 18446 | D:12     | Gained mutation: Your body has grown many eyes which may
                  | confuse attackers. (Acc +5) [Jiyva's grace]
 18446 | D:12     | Gained mutation: Your body is covered in eyes which may
                  | confuse attackers. (Acc +7, SInv) [Jiyva's grace]
 18446 | D:12     | Gained mutation: Your melee attacks may engulf your foes in
                  | ooze. [Jiyva's grace]
 18547 | D:12     | Found a basalt altar of Yredelemnul.
 18672 | D:12     | Reached **** piety under Jiyva
 18844 | D:13     | Found Pyda's Assorted Antiques.
 18854 | D:13     | Bought a potion of curing for 123 gold pieces
 18854 | D:13     | Noticed Maurice
 18864 | D:13     | Killed Maurice
 19106 | D:13     | Found a runed translucent door.
 19107 | D:13     | Noticed a storm dragon
 19203 | D:13     | Found a gate to the Vaults.
 19473 | D:14     | Found a shimmering altar of Xom.
 19649 | D:14     | Noticed Kirke
 19663 | D:14     | Killed Kirke
 19711 | D:14     | Reached ***** piety under Jiyva
 20003 | D:15     | Entered Level 15 of the Dungeon
 20089 | D:15     | Found a staircase to the Depths.
 20242 | D:15     | Found an opulent altar of Gozag.
 20465 | D:15     | Lost mutation: Your body is covered in eyes which may
                  | confuse attackers. (Acc +7, SInv) [Jiyva's grace]
 20465 | D:15     | Lost mutation: Your body has grown many eyes which may
                  | confuse attackers. (Acc +5) [Jiyva's grace]
 20465 | D:15     | Lost mutation: Your body has grown eyes which may confuse
                  | attackers. (Acc +3) [Jiyva's grace]
 20465 | D:15     | Gained mutation: You have a small jelly attached to you
                  | that senses nearby items. [Jiyva's grace]
 20465 | D:15     | Gained mutation: Your flesh is cold resistant. (rC+)
                  | [Jiyva's grace]
 20465 | D:15     | Gained mutation: Your flesh is very cold resistant. (rC++)
                  | [Jiyva's grace]
 20465 | D:15     | Gained mutation: Your flesh is almost immune to the effects
                  | of cold. (rC+++) [Jiyva's grace]
 20613 | Depths:1 | Entered Level 1 of the Depths
 20732 | Depths:1 | Reached XP level 16. HP: 98/104 MP: 14/16
 20923 | Depths:1 | Reached skill level 5 in Stealth
 21095 | Depths:1 | Identified the staff of poison "Uffubuef" {rPois rF+}
 21104 | Depths:1 | Identified the +1 long sword of the Sea {heavy, *Corrode
                  | rF+++ Int+3}
 21421 | Depths:1 | Found a gateway to Hell.
 21430 | Depths:1 | Noticed a tentacled starspawn
 21903 | D:13     | Killed a storm dragon
 21919 | D:13     | Identified the +1 ring mail "Yggauk" {*Corrode rF+ Stlth+}
 22117 | Spider:1 | Entered Level 1 of the Spider Nest
 22242 | Spider:1 | Identified the +1 scale mail of the Vestibule of Hell
                  | {rPois}
 22372 | Spider:2 | Reached ****** piety under Jiyva
 22492 | Spider:2 | You are sucked into a shaft and drop 1 floor!
 22561 | Spider:3 | Reached skill level 15 in Fighting
 22684 | Spider:2 | Lost mutation: You possess an exceptional clarity of mind.
                  | [Jiyva's grace]
 22684 | Spider:2 | Gained mutation: You are partially covered in iridescent
                  | scales. (AC +2) [Jiyva's grace]
 22684 | Spider:2 | Gained mutation: You are mostly covered in iridescent
                  | scales. (AC +4) [Jiyva's grace]
 22684 | Spider:2 | Gained mutation: You are completely covered in iridescent
                  | scales. (AC +6) [Jiyva's grace]
 22684 | Spider:2 | Gained mutation: Your body has grown eyes which may confuse
                  | attackers. (Acc +3) [Jiyva's grace]
 22739 | Spider:2 | Noticed Arachne
 22770 | Spider:2 | Killed Arachne
 22771 | Spider:2 | Reached XP level 17. HP: 113/113 MP: 17/17
 23370 | Spider:1 | Noticed Josephine
 23393 | Spider:1 | Killed Josephine
 23838 | Spider:1 | Noticed Jorgrun
 23844 | Spider:1 | Killed Jorgrun
 24111 | Slime:1  | Entered Level 1 of the Pits of Slime
 24145 | Slime:5  | Entered Level 5 of the Pits of Slime
 24226 | Slime:5  | Noticed an acid blob
 24286 | Slime:5  | Noticed an acid blob
 24291 | Slime:5  | Noticed an acid blob
 24316 | Slime:5  | Noticed an acid blob
 24322 | Slime:5  | Noticed an acid blob
 24326 | Slime:5  | Noticed the Royal Jelly
 24328 | Slime:5  | Found a viscous altar of Jiyva.
 24332 | Slime:5  | Noticed an acid blob
 24333 | Slime:5  | Found the +8 orange crystal plate armour {Archmagi, Int+3
                  | Clar}
 24334 | Slime:5  | Identified the +0 troll leather armour of the Vacuum
                  | {*Corrode rC+++ Regen+ Int-5 Slay+6}
 24335 | Slime:5  | Identified the +1 robe of Gyutsalo {rPois Str-4 SInv
                  | Archmagi}
 24337 | Slime:5  | Got the Writings on Arcane Combat and Frost
 24347 | Slime:5  | Got a slimy rune of Zot
 24355 | Slime:5  | Identified the +2 robe of Memoxaf {Str+3}
 24356 | Slime:5  | Identified the +1 flail of Qazlal's Castigation {heavy,
                  | *Rage rF+ rN+ Stlth+}
 24386 | Slime:5  | Got the Vademecum on the Limned Boulder
 24454 | Slime:3  | Noticed an acid blob
 25409 | Spider:4 | Entered Level 4 of the Spider Nest
 26046 | Spider:4 | Reached XP level 18. HP: 122/122 MP: 18/18
 26273 | Spider:4 | Got a gossamer rune of Zot
 26929 | Shoals:1 | Entered Level 1 of the Shoals
 26929 | Shoals:1 | Noticed Louise
 26929 | Shoals:1 | Lost mutation: You are completely covered in iridescent
                  | scales. (AC +6) [Jiyva's grace]
 26929 | Shoals:1 | Lost mutation: Your flesh is almost immune to the effects
                  | of cold. (rC+++) [Jiyva's grace]
 26929 | Shoals:1 | Lost mutation: Your body has grown eyes which may confuse
                  | attackers. (Acc +3) [Jiyva's grace]
 26929 | Shoals:1 | Gained mutation: Your spells are a little harder to cast,
                  | but a little more powerful. [Jiyva's grace]
 26929 | Shoals:1 | Gained mutation: Your spells are harder to cast, but more
                  | powerful. [Jiyva's grace]
 26929 | Shoals:1 | Gained mutation: Your spells are much harder to cast, but
                  | much more powerful. [Jiyva's grace]
 26929 | Shoals:1 | Gained mutation: You have sharp toenails. [Jiyva's grace]
 26945 | Shoals:1 | Killed Louise
 27120 | Shoals:1 | Noticed Frances
 27138 | Shoals:1 | Killed Frances
 27606 | Shoals:1 | Found a runed translucent door.
 27773 | Shoals:1 | Got the Omnibus of Guile and Ceraunoscopy
 28066 | Shoals:2 | Noticed Donald
 28085 | Shoals:2 | Killed Donald
 28325 | Shoals:2 | Acquired a manual of Stealth
 28746 | Shoals:2 | Lost mutation: Your flesh is very cold resistant. (rC++)
                  | [Jiyva's grace]
 28746 | Shoals:2 | Lost mutation: Your spells are much harder to cast, but
                  | much more powerful. [Jiyva's grace]
 28746 | Shoals:2 | Gained mutation: Your mind is acute. (Int +4, Str/Dex -1)
                  | [Jiyva's grace]
 28746 | Shoals:2 | Gained mutation: Your mind is very acute. (Int +8, Str/Dex
                  | -2) [Jiyva's grace]
 28746 | Shoals:2 | Gained mutation: Your translucent skin slightly reduces
                  | your foes' accuracy. (Stealth+) [Jiyva's grace]
 28746 | Shoals:2 | Gained mutation: Your translucent skin reduces your foes'
                  | accuracy. (Stealth+) [Jiyva's grace]
 29104 | Shoals:3 | Reached XP level 19. HP: 130/130 MP: 19/19
 29826 | Shoals:4 | Entered Level 4 of the Shoals
 30116 | Shoals:4 | Got a barnacled rune of Zot
 30232 | Shoals:4 | Reached skill level 15 in Shields
 30259 | Shoals:4 | Noticed Mara
 30266 | Shoals:4 | Noticed enotiy's illusion
 30716 | Vaults:1 | Entered Level 1 of the Vaults
 31201 | Vaults:1 | Identified the +8 whip "Boxusm" {drain, rC++ Stlth+}
 31672 | Vaults:1 | Lost mutation: You have sharp toenails. [Jiyva's grace]
 31672 | Vaults:1 | Lost mutation: Your translucent skin reduces your foes'
                  | accuracy. (Stealth+) [Jiyva's grace]
 31672 | Vaults:1 | Lost mutation: You have a small jelly attached to you that
                  | senses nearby items. [Jiyva's grace]
 31672 | Vaults:1 | Gained mutation: You are very agile. (Dex +8, Str/Int -2)
                  | [Jiyva's grace]
 31672 | Vaults:1 | Gained mutation: You have a small jelly attached to you
                  | that may absorb projectiles. [Jiyva's grace]
 31672 | Vaults:1 | Gained mutation: You are completely covered in iridescent
                  | scales. (AC +6) [Jiyva's grace]
 31672 | Vaults:1 | Gained mutation: Your translucent skin reduces your foes'
                  | accuracy. (Stealth+) [Jiyva's grace]
 32052 | Vaults:2 | Found Sonebime's Armour Emporium.
 32117 | Vaults:2 | Reached XP level 20. HP: 139/139 MP: 20/20
 32916 | Vaults:2 | Found Jikivoep's Armour Shop.
 32916 | Vaults:2 | Found Boumm's Armour Boutique.
 33040 | Vaults:2 | Identified the +5 ring mail of the Boiling Point {-Tele
                  | rC++ rCorr Str+4}
 33117 | Vaults:2 | Found Bicylimitu's Assorted Antiques.
 33278 | Vaults:3 | Lost mutation: You are very agile. (Dex +8, Str/Int -2)
                  | [Jiyva's grace]
 33278 | Vaults:3 | Lost mutation: Your spells are harder to cast, but more
                  | powerful. [Jiyva's grace]
 33278 | Vaults:3 | Gained mutation: You have large cloven feet. [Jiyva's
                  | grace]
 33278 | Vaults:3 | Gained mutation: You have hoof-like feet. [Jiyva's grace]
 33278 | Vaults:3 | Gained mutation: You have hooves in place of feet. [Jiyva's
                  | grace]
 33278 | Vaults:3 | Gained mutation: You have a somewhat thin skeletal
                  | structure. (Dex +2, Stealth+) [Jiyva's grace]
 33689 | Vaults:3 | You are sucked into a shaft and drop 1 floor!
 33900 | Vaults:4 | Found a runed translucent door.
 33902 | Vaults:4 | Noticed Kiak's ghost (adept MiBe)
 34258 | Vaults:4 | Reached XP level 21. HP: 148/148 MP: 21/21
 34822 | Vaults:4 | Killed Kiak's ghost
 34886 | Vaults:5 | Entered Level 5 of the Vaults
 34940 | Vaults:5 | Noticed a golden dragon
 34940 | Vaults:5 | Noticed a golden dragon
 34959 | Vaults:5 | Killed a golden dragon
 34966 | Vaults:5 | Killed a golden dragon
 35027 | Vaults:5 | Identified the +1 kite shield of the Ecumenical Temple
                  | {+Inv Str+5 SInv Stlth-}
 35083 | Vaults:5 | Lost mutation: You have hooves in place of feet. [Jiyva's
                  | grace]
 35083 | Vaults:5 | Lost mutation: You are completely covered in iridescent
                  | scales. (AC +6) [Jiyva's grace]
 35083 | Vaults:5 | Lost mutation: You have a somewhat thin skeletal structure.
                  | (Dex +2, Stealth+) [Jiyva's grace]
 35083 | Vaults:5 | Lost mutation: Your mind is very acute. (Int +8, Str/Dex
                  | -2) [Jiyva's grace]
 35083 | Vaults:5 | Lost mutation: Your flesh is cold resistant. (rC+) [Jiyva's
                  | grace]
 35083 | Vaults:5 | Lost mutation: Your translucent skin reduces your foes'
                  | accuracy. (Stealth+) [Jiyva's grace]
 35083 | Vaults:5 | Gained mutation: Your muscles are strong. (Str +4, Int/Dex
                  | -1) [Jiyva's grace]
 35083 | Vaults:5 | Gained mutation: Your muscles are very strong. (Str +8,
                  | Int/Dex -2) [Jiyva's grace]
 35083 | Vaults:5 | Gained mutation: You have acidic saliva. [Jiyva's grace]
 35083 | Vaults:5 | Gained mutation: You possess an exceptional clarity of
                  | mind. [Jiyva's grace]
 35085 | Vaults:5 | Identified the ring "Seywkourch" {rPois rN+ Will+++ Str-5
                  | Stlth+}
 35292 | Vaults:5 | Noticed a dread lich
 35312 | Vaults:5 | Killed a dread lich
 35345 | Vaults:5 | Identified the +6 arbalest of Integrity {freeze, Str+3
                  | Int+4}
 35377 | Vaults:5 | Identified the staff of poison "Matarez" {rElec rPois rCorr
                  | Str-5 SInv}
 35416 | Vaults:5 | Identified the +10 battleaxe "Tiwyo" {heavy, +Blink}
 35458 | Vaults:4 | Reached XP level 22. HP: 145/156 MP: 22/22
 35955 | Vaults:5 | Reached skill level 15 in Armour
 36081 | Vaults:5 | Got a silver rune of Zot
 36282 | Vaults:5 | Identified the staff of earth "Emas Wipa" {rElec Dex+4}
 36297 | Vaults:5 | Identified the ring of the Eleven Songs {Wiz rCorr Stlth+}
 36315 | Vaults:5 | Identified the +2 trident "Bussuupn" {heavy, +Blink rElec
                  | rCorr Int+4}
 36410 | Vaults:5 | Noticed an ancient lich
 36421 | Vaults:5 | Killed an ancient lich
 36459 | Vaults:5 | Identified the ring "Zafeboo" {Fire Int+4 Dex+2 Slay-5}
 37097 | Vaults:3 | Noticed Sojobo
 37119 | Vaults:3 | Killed Sojobo
 37151 | Vaults:3 | Found Virura's Magic Scroll Shop.
 37172 | Vaults:3 | Noticed Boris
 37193 | Vaults:3 | Killed Boris
 37335 | Vaults:3 | Lost mutation: You have hoof-like feet. [Jiyva's grace]
 37335 | Vaults:3 | Lost mutation: You are mostly covered in iridescent scales.
                  | (AC +4) [Jiyva's grace]
 37335 | Vaults:3 | Lost mutation: Your muscles are very strong. (Str +8,
                  | Int/Dex -2) [Jiyva's grace]
 37335 | Vaults:3 | Lost mutation: Your spells are a little harder to cast, but
                  | a little more powerful. [Jiyva's grace]
 37335 | Vaults:3 | Lost mutation: You have a small jelly attached to you that
                  | may absorb projectiles. [Jiyva's grace]
 37335 | Vaults:3 | Lost mutation: Your melee attacks may engulf your foes in
                  | ooze. [Jiyva's grace]
 37335 | Vaults:3 | Gained mutation: You passively map a small area around you.
                  | [Jiyva's grace]
 37335 | Vaults:3 | Gained mutation: You passively map the area around you.
                  | [Jiyva's grace]
 37335 | Vaults:3 | Gained mutation: You passively map a large area around you.
                  | [Jiyva's grace]
 37335 | Vaults:3 | Gained mutation: Your body has grown eyes which may confuse
                  | attackers. (Acc +3) [Jiyva's grace]
 37746 | Vaults:3 | Found a staircase to the Crypt.
 37761 | Crypt:1  | Entered Level 1 of the Crypt
 38007 | Crypt:1  | Noticed Margery
 38030 | Crypt:1  | Killed Margery
 38232 | Crypt:1  | Reached XP level 23. HP: 164/164 MP: 23/23
 39387 | Crypt:2  | Lost mutation: You have large cloven feet. [Jiyva's grace]
 39387 | Crypt:2  | Lost mutation: You are agile. (Dex +4, Str/Int -1) [Jiyva's
                  | grace]
 39387 | Crypt:2  | Gained mutation: Your melee attacks may engulf your foes in
                  | ooze. [Jiyva's grace]
 39387 | Crypt:2  | Gained mutation: You have a pair of small antennae on your
                  | head. [Jiyva's grace]
 39387 | Crypt:2  | Gained mutation: You have a pair of antennae on your head.
                  | [Jiyva's grace]
 39387 | Crypt:2  | Gained mutation: You have a pair of large antennae on your
                  | head. (SInv) [Jiyva's grace]
 39558 | Crypt:3  | Entered Level 3 of the Crypt
 39936 | Crypt:3  | Identified the +0 bardiche of the Turnip {drain, Contam rC+
                  | Str+2 Stlth+}
 40091 | Crypt:3  | Noticed Bai Suzhen
 40106 | Crypt:3  | Killed Bai Suzhen
 40209 | Crypt:3  | Noticed a royal mummy
 40210 | Crypt:3  | Noticed Khufu
 40447 | Crypt:3  | Found an ancient bone altar of Kikubaaqudgha.
 40626 | Crypt:3  | Identified the ring "Pyaleib" {rPois rC+ rN+ Str+3}
 40626 | Crypt:3  | Identified the ring "Yrruohif" {rN+ Stlth+}
 40626 | Crypt:3  | Identified the ring "Hoqarr" {Fly rF+ rN+ Int+3 Dex+2}
 40660 | Crypt:3  | Noticed a dread lich
 40661 | Crypt:3  | Identified the +1 short sword of Makhleb's Envy {heavy,
                  | rCorr Int+2}
 40664 | Crypt:3  | Identified the amulet of the Genius {Contam rPois rF+
                  | Regen+ Str+7}
 40674 | Crypt:3  | Killed a dread lich
 40988 | Crypt:3  | Identified the +0 pair of boots "Typihoky" {+Blink rCorr}
 40990 | Crypt:3  | Got the Secrets of the Cemetery
 40994 | Crypt:3  | Got the Papyrus of Blasted Voltage
 41229 | Crypt:3  | Killed a royal mummy
 41279 | Crypt:3  | Reached XP level 24. HP: 172/172 MP: 23/23
 41394 | Crypt:3  | Identified the +0 ring mail "Sekkyink" {rPois rC- Int+4}
 41520 | Crypt:3  | Killed Khufu
 41735 | Crypt:3  | Noticed Mennas
 41767 | Crypt:3  | Killed Mennas
 41791 | Crypt:3  | Identified the +3 mace of Tusiov {holy, rC++ Stlth+}
 41811 | Crypt:3  | Found a staircase to the Tomb.
 42014 | Tomb:1   | Entered Level 1 of the Tomb of the Ancients
 42431 | Crypt:1  | Found an ancient bone altar of Kikubaaqudgha.
 42937 | Orc:1    | Entered Level 1 of the Orcish Mines
 42958 | Orc:1    | Found Onur's Armour Shoppe.
 43126 | Orc:2    | Entered Level 2 of the Orcish Mines
 43204 | Orc:2    | Found Tumn's Weapon Shoppe.
 43244 | Orc:2    | Found a staircase to the Elven Halls.
 43264 | Orc:2    | Lost mutation: You are partially covered in iridescent
                  | scales. (AC +2) [Jiyva's grace]
 43264 | Orc:2    | Lost mutation: You possess an exceptional clarity of mind.
                  | [Jiyva's grace]
 43264 | Orc:2    | Lost mutation: Your body has grown eyes which may confuse
                  | attackers. (Acc +3) [Jiyva's grace]
 43264 | Orc:2    | Gained mutation: You have an increased reservoir of magic.
                  | (+10% MP) [Jiyva's grace]
 43264 | Orc:2    | Gained mutation: You have a considerably increased
                  | reservoir of magic. (+20% MP) [Jiyva's grace]
 43264 | Orc:2    | Gained mutation: You have a greatly increased reservoir of
                  | magic. (+30% MP) [Jiyva's grace]
 43264 | Orc:2    | Gained mutation: You have very sharp teeth. [Jiyva's grace]
 43359 | Orc:2    | Found Hojuteof's Book Shop.
 43388 | Orc:2    | Found a radiant altar of Vehumet.
 43408 | Orc:2    | Found Tupetyagock's Antique Weapon Shop.
 43428 | Orc:2    | Found Xeje's Antique Armour Boutique.
 43443 | Orc:2    | Found an ancient bone altar of Kikubaaqudgha.
 43462 | Orc:2    | Found Kenoaci's Magic Scroll Boutique.
 43473 | Orc:2    | Bought 3 scrolls of teleportation for 135 gold pieces
 43473 | Orc:2    | Bought a scroll of poison for 60 gold pieces
 43473 | Orc:2    | Bought a scroll of summoning for 142 gold pieces
 43473 | Orc:2    | Bought a scroll of blinking for 112 gold pieces
 43690 | Orc:2    | Found Ilinoss's CLEARANCE SALE!.
 44020 | Elf:1    | Entered Level 1 of the Elven Halls
 44020 | Elf:1    | Found Umumuul's Armour Shop.
 44138 | Elf:1    | Found Olucom's Book Emporium.
 44431 | Elf:1    | Identified the +8 chain mail of Yredelemnul's Envy {rF+ rC+
                  | Int+3}
 44441 | Elf:1    | Found Inluedwi's Weapon Shoppe.
 44452 | Elf:1    | Found Kuilosine's Book Boutique.
 44808 | Elf:2    | Noticed Aizul
 44821 | Elf:2    | Killed Aizul
 44836 | Elf:2    | Killed the ghostly Aizul
 44858 | Elf:2    | Found Qeecasun's Armour Emporium.
 45019 | Elf:2    | Noticed Saint Roka
 45082 | Elf:2    | Killed Saint Roka
 45189 | Elf:2    | Lost mutation: You have a pair of large antennae on your
                  | head. (SInv) [Jiyva's grace]
 45189 | Elf:2    | Lost mutation: You have a greatly increased reservoir of
                  | magic. (+30% MP) [Jiyva's grace]
 45189 | Elf:2    | Lost mutation: You passively map a large area around you.
                  | [Jiyva's grace]
 45189 | Elf:2    | Lost mutation: Your melee attacks may engulf your foes in
                  | ooze. [Jiyva's grace]
 45189 | Elf:2    | Gained mutation: You are strong-willed. (Will+) [Jiyva's
                  | grace]
 45189 | Elf:2    | Gained mutation: You are highly strong-willed. (Will++)
                  | [Jiyva's grace]
 45189 | Elf:2    | Gained mutation: You are extremely strong-willed. (Will+++)
                  | [Jiyva's grace]
 45189 | Elf:2    | Gained mutation: Your translucent skin reduces your foes'
                  | accuracy. (Stealth+) [Jiyva's grace]
 45190 | Elf:2    | Found a runed translucent gate.
 45191 | Elf:2    | Found a runed translucent gate.
 45191 | Elf:2    | Found a runed translucent gate.
 45216 | Elf:2    | Found a crumbling gateway.
 45693 | Elf:3    | Entered Level 3 of the Elven Halls
 46079 | Elf:3    | Reached XP level 25. HP: 181/181 MP: 27/27
 46329 | Elf:3    | Identified the +5 scimitar of Purpose {freeze, rF++ rC+ rN+
                  | Will-}
 46329 | Elf:3    | Identified the ring "Oxaagrif" {EV+5 Dex+4}
 46417 | Elf:3    | Found the amulet of the Four Winds {rN+ Will+++ Clar}
 46427 | Elf:3    | Found the +12 pair of quick blades "Gyre" and "Gimble"
                  | {protect}
 46454 | Elf:3    | Identified the +5 dagger "Byisak" {flame, Drain rN++}
 46509 | Elf:3    | Identified the +1 pair of gloves "Osile" {Str+3}
 46513 | Elf:3    | Got the Disquisition on Beguiling Transmutation
 46522 | Elf:3    | Identified the staff of conjuration "Noept" {+Blink rN++
                  | Int+3 Stlth-}
 46525 | Elf:3    | Identified the staff of earth "Eseimp" {rPois Will+ rCorr}
 46540 | Elf:3    | Identified the +6 dagger of Perfectionism {speed, rCorr
                  | Int+4}
 46575 | Elf:3    | Reached XP level 26. HP: 188/188 MP: 27/27
 47741 | Depths:2 | Lost mutation: You have very sharp teeth. [Jiyva's grace]
 47741 | Depths:2 | Lost mutation: Your mind is acute. (Int +4, Str/Dex -1)
                  | [Jiyva's grace]
 47741 | Depths:2 | Lost mutation: You are extremely strong-willed. (Will+++)
                  | [Jiyva's grace]
 47741 | Depths:2 | Lost mutation: Your muscles are strong. (Str +4, Int/Dex
                  | -1) [Jiyva's grace]
 47741 | Depths:2 | Lost mutation: You have acidic saliva. [Jiyva's grace]
 47741 | Depths:2 | Gained mutation: Your melee attacks may engulf your foes in
                  | ooze. [Jiyva's grace]
 47741 | Depths:2 | Gained mutation: You are partially covered in iridescent
                  | scales. (AC +2) [Jiyva's grace]
 47741 | Depths:2 | Gained mutation: You are mostly covered in iridescent
                  | scales. (AC +4) [Jiyva's grace]
 47741 | Depths:2 | Gained mutation: You are completely covered in iridescent
                  | scales. (AC +6) [Jiyva's grace]
 47907 | Depths:2 | Found a one-way gate leading to the halls of Pandemonium.
 48144 | Depths:2 | Found a shadowy altar of Dithmenos.
 48144 | Depths:2 | Found a broken altar of Ashenzari.
 48211 | Depths:2 | Found a broken altar of Ashenzari.
 48212 | Depths:2 | Found a hazy altar of Hepliaklqana.
 48540 | Hell     | Entered the Vestibule of Hell
 48540 | Hell     | Noticed Geryon
 48901 | Depths:3 | Found a flickering gateway to a bazaar.
 49451 | Depths:3 | Found a corrupted altar of Lugonu.
 49593 | Depths:3 | Paralysed by an air elemental for 1 turns
 49658 | Depths:3 | Identified the +8 long sword of Rafiob {holy, rN+ Str+6}
 50080 | Depths:4 | Entered Level 4 of the Depths
 50260 | Depths:4 | Noticed a juggernaut
 50262 | Depths:4 | Noticed Poanarph's ghost (veteran GrVM)
 50273 | Depths:4 | Found a bloodstained altar of Trog.
 50297 | Depths:4 | Reached XP level 27. HP: 196/196 MP: 27/27
 50383 | Depths:4 | Found a transporter.
 50388 | Depths:4 | Found a transporter.
 50595 | Depths:4 | Found a gate to the Realm of Zot.
 50730 | Depths:4 | Found Uqiuderph's Book Boutique.
 50732 | Depths:4 | Found Sozer's Jewellery Shoppe.
 50733 | Depths:4 | Found Wobuyg's Book Boutique.
 50840 | Depths:4 | Lost mutation: You have a considerably increased reservoir
                  | of magic. (+20% MP) [Jiyva's grace]
 50840 | Depths:4 | Lost mutation: You are highly strong-willed. (Will++)
                  | [Jiyva's grace]
 50840 | Depths:4 | Lost mutation: You passively map the area around you.
                  | [Jiyva's grace]
 50840 | Depths:4 | Gained mutation: You have very sharp teeth. [Jiyva's grace]
 50840 | Depths:4 | Gained mutation: You have extremely sharp teeth. [Jiyva's
                  | grace]
 50840 | Depths:4 | Gained mutation: You have razor-sharp teeth. [Jiyva's
                  | grace]
 50840 | Depths:4 | Gained mutation: You have sharp toenails. [Jiyva's grace]
 50850 | Depths:4 | Found a one-way gateway to a ziggurat.
 51093 | Depths:4 | Killed a juggernaut
 51139 | Depths:4 | Killed Poanarph's ghost
 51765 | Hell     | Reached skill level 27 in Fighting
 51892 | Hell     | Killed Geryon
 51931 | Hell     | Noticed a dread lich
 51966 | Depths:3 | Killed a dread lich
 52179 | Hell     | Found a gateway to the Iron City of Dis.
 52215 | Hell     | Found a gateway to the freezing wastes of Cocytus.
 52227 | Hell     | Paralysed by a wendigo for 1 turns
 52269 | Hell     | Found a gateway to the decaying netherworld of Tartarus.
 52319 | Hell     | Found a gateway to the ashen valley of Gehenna.
 52409 | Dis:1    | Entered Level 1 of the Iron City of Dis
 52470 | Hell     | HP: 1/199 [Hell Sentinel/damnation (45)]
 53267 | Zot:1    | Entered Level 1 of the Realm of Zot
 53801 | Zot:1    | Identified the +1 chain mail of Diucin {rPois}
 54280 | Zot:2    | Noticed Parghit
 54280 | Zot:2    | Noticed an orb of fire
 54501 | Zot:2    | Reached skill level 27 in Axes
 54505 | Zot:2    | Killed an orb of fire
 54674 | Zot:2    | Noticed an orb of fire
 54686 | Zot:2    | Gained mutation: Your body sometimes deteriorates upon
                  | taking damage. [an orb of fire]
 54704 | Zot:2    | Killed an orb of fire
 54745 | Zot:2    | Reached skill level 10 in Stealth
 55512 | Zot:3    | Lost mutation: You have a pair of antennae on your head.
                  | [Jiyva's grace]
 55512 | Zot:3    | Lost mutation: You have razor-sharp teeth. [Jiyva's grace]
 55512 | Zot:3    | Lost mutation: You are completely covered in iridescent
                  | scales. (AC +6) [Jiyva's grace]
 55512 | Zot:3    | Lost mutation: Your translucent skin reduces your foes'
                  | accuracy. (Stealth+) [Jiyva's grace]
 55512 | Zot:3    | Gained mutation: You are robust. (+10% HP) [Jiyva's grace]
 55512 | Zot:3    | Gained mutation: You are very robust. (+20% HP) [Jiyva's
                  | grace]
 55512 | Zot:3    | Gained mutation: You are extremely robust. (+30% HP)
                  | [Jiyva's grace]
 55512 | Zot:3    | Gained mutation: Your muscles are strong. (Str +4, Int/Dex
                  | -1) [Jiyva's grace]
 55953 | Zot:3    | Got the Commentary on the Autopsy
 56697 | Zot:4    | Noticed an orb of fire
 56728 | Zot:4    | Lost mutation: You passively map a small area around you.
                  | [an orb of fire]
 57018 | Zot:4    | Found a runed translucent door.
 57018 | Zot:4    | Noticed Yhojoizi's ghost (legendary GnFE)
 57323 | Zot:4    | Identified the +5 chain mail of Ylealu {Harm Fly}
 57397 | Zot:4    | Gained mutation: You occasionally shout uncontrollably at
                  | your foes. [an orb of fire]
 57398 | Zot:4    | Killed an orb of fire
 57541 | Zot:5    | Entered Level 5 of the Realm of Zot
 57984 | Zot:5    | Noticed an orb of fire
 57999 | Zot:5    | Gained mutation: You are clumsy. (Dex -2) [an orb of fire]
 58030 | Zot:5    | Killed an orb of fire
 58067 | Zot:5    | Noticed a dread lich
 58091 | Zot:5    | Killed a dread lich
 58170 | Zot:5    | Noticed an orb of fire
 58180 | Zot:5    | Gained mutation: Your body often deteriorates upon taking
                  | damage. [mutagenic glow]
 58197 | Zot:5    | Gained mutation: You are vulnerable to cold. (rC-)
                  | [mutagenic glow]
 58354 | Zot:5    | Noticed an orb of fire
 58366 | Zot:5    | Gained mutation: You are occasionally teleported next to
                  | monsters. [an orb of fire]
 58371 | Zot:5    | Killed an orb of fire
 58616 | Zot:5    | Lost mutation: You have a pair of small antennae on your
                  | head. [Jiyva's grace]
 58616 | Zot:5    | Lost mutation: You have extremely sharp teeth. [Jiyva's
                  | grace]
 58616 | Zot:5    | Lost mutation: You have very sharp teeth. [Jiyva's grace]
 58616 | Zot:5    | Lost mutation: You have sharp toenails. [Jiyva's grace]
 58616 | Zot:5    | Lost mutation: You are mostly covered in iridescent scales.
                  | (AC +4) [Jiyva's grace]
 58616 | Zot:5    | Lost mutation: You are clumsy. (Dex -2) [Jiyva's grace]
 58616 | Zot:5    | Lost mutation: Your body often deteriorates upon taking
                  | damage. [Jiyva's grace]
 58616 | Zot:5    | Lost mutation: You are vulnerable to cold. (rC-) [Jiyva's
                  | grace]
 58616 | Zot:5    | Gained mutation: You are agile. (Dex +4, Str/Int -1)
                  | [Jiyva's grace]
 58616 | Zot:5    | Gained mutation: You are very agile. (Dex +8, Str/Int -2)
                  | [Jiyva's grace]
 58616 | Zot:5    | Gained mutation: Armour fits poorly on your pseudopods.
                  | [Jiyva's grace]
 58616 | Zot:5    | Gained mutation: Armour fits poorly on your large
                  | pseudopods. [Jiyva's grace]
 58616 | Zot:5    | Noticed a dread lich
 58628 | Zot:5    | Killed a dread lich
 58669 | Zot:5    | Killed an orb of fire
 58684 | Zot:5    | Reached skill level 27 in Shields
 58740 | Zot:5    | Got the Orb of Zot
 58929 | Zot:4    | Noticed Dixaome the pandemonium lord
 58952 | Zot:4    | Killed Dixaome the pandemonium lord
 58980 | Zot:3    | Noticed Foggoguv the pandemonium lord
 58997 | Zot:3    | Killed Foggoguv the pandemonium lord
 59030 | Zot:3    | Noticed Voimp the pandemonium lord
 60278 | D:$      | Escaped with the Orb!

Illustrated notes

Levels and vault maps discovered:
D:1:      amcnicky_arrival_gap_in_the_tavern_cellar, layout_rooms,
          shapermc_ecumenical_altar_starsandcircs, serial_shops, shop_statue,
          palyth_stone_intersect
D:2:      layout_basic, serial_shops, nicolae_diamond_shop,
          kennysheep_decorative_pillar, minmay_pentomino_pile, uniq_jessica,
          uniq_terence
D:3:      layout_loops_cross, nicolae_overflow_crystal_walls,
          mainiacjoe_overflow_catwalk, fedhas_altar_4, chequers_jeans
D:4:      layout_basic, portal_sewer_entry_f
D:5:      layout_basic, nemelex_altar_shiori, minmay_temple_entry_junction,
          serial_shops, shop_fountains, chequers_big_river,
          kennysheep_generic_room_6, uniq_edmund, uniq_sigmund,
          uniq_crazy_yiuf_cottage
D:6:      layout_loops_ring, trog_ov_bears_minmay, lemuel_doored_altar,
          serial_shops, shop, uniq_menkaure
D:7:      layout_gridville, nicolae_wu_jian_wuxing_cycle,
          gammafunk_temple_overflow_elements, serial_shops,
          nicolae_stop_n_shop_2
D:8:      layout_basic, nicolae_elyvilon_temple_path, tgw_kikubaaqudgha,
          lemuel_round_altar, serial_shops, nicolae_shop_advertising_works
          [nicolae_subvault_shop_adworks], nicolae_shop_hallway_plus,
          shop_statue, shop_fountains, shop
D:9:      layout_basic, mainiacjoe_overflow_large_starburst,
          dreamdust_gnoll_shepherd
D:10:     layout_irregular_city, orc_0_dummy
D:11:     layout_irregular_city, erik_lair_orcish_takeover
D:12:     layout_roguey, gauntlet_entry_generic, yredelemnul_altar_generic
D:13:     layout_cave_pools, david_vaults_5, serial_shops,
          nicolae_inconvenience_store, minmay_st_funbox,
          small_statue_intersection, corexii_checkpoint_a, uniq_maurice
D:14:     layout_loops_cross, hex_tiny, minmay_hedge_maze, xom_teletrap_fun,
          uniq_kirke
D:15:     gammafunk_depths_entry_grave, layout_gridville, grunt_gozag_statues
Temple:   nicolae_temple_godpark
Lair:1:   layout_cave_pods, grunt_megastairs_4
Lair:2:   layout_roguey, portal_ice_cave_entry_imps, grunt_megastairs_5
Lair:3:   layout_cave_shapes, minmay_shoals_entry_centaurs,
          spider_nest_entry_web_field, uniq_nessos
Lair:4:   layout_regular_city, slime_entry_1
Lair:5:   hellmonk_lair_end_abyssal_woods, layout_cave_pods, st_stairs_12,
          uniq_snorg, uniq_rupert
Shoals:1: nicolae_shoals_lighthouse, layout_shoals, nicolae_shoals_sun_and_surf,
          uniq_louise, uniq_frances
Shoals:2: cheibrodos_shoals_epimethial_gifts, layout_shoals, uniq_donald
Shoals:3: layout_shoals, nicolae_shoals_so_close
Shoals:4: shoals_end_hellmonk_lost_city, serial_shops, uniq_mara
Spider:1: layout_spider_delve, uniq_jorgrun, uniq_josephine
Spider:2: layout_cave_pods, uniq_arachne
Spider:3: layout_spider_delve, hangedman_spider_tarantella_strand
Spider:4: hellmonk_spider_rune_endless_swarm, drop_trap,
          nicolae_spider_spiderdrome
Slime:1:  layout_caves
Slime:2:  layout_caves
Slime:3:  layout_caves
Slime:4:  layout_caves
Slime:5
Orc:1:    layout_caves, serial_shops, nicolae_shop_hallway_plus,
          statue_in_the_mist_lemuel
Orc:2:    kennysheep_orc_mage_school, layout_diamond_mine, serial_shops,
          nicolae_shop_bloodbath_and_beyond, nicolae_shop_clearance
Elf:1:    layout_loops_ring, serial_shops, shop,
          nicolae_shop_temple_entry_statues_fountains,
          nicolae_shop_tiny_waterfront, shop,
          hangedman_elven_crosses_minicolossus
Elf:2:    nicolae_elf_blades_crystal_corner, layout_gridlike, serial_shops,
          shop, portal_desolation_entry_nicolae_slug, uniq_aizul,
          uniq_saint_roka
Elf:3:    minmay_elf_hall_x, layout_rooms, minivault_14, solitary_fountain
Vaults:1: nicolae_vaults_surprise_closet, hangedman_vaults_cutoff,
          nicolae_vaults_closet_pinwheel_6, nicolae_vaults_little_squares_2,
          nicolae_vaults_tetromino_T_2, ontoclasm_vaults_chip, v_misc_1,
          v_alt_pattern_5, nicolae_vaults_tetromino_T_2, layout_vaults_quadrants
Vaults:2: hangedman_vaults_stitches, nicolae_vaults_closet_pinwheel_5,
          vaults_room_ringed_pool, nicolae_vaults_arrows, nicolae_vaults_prndl,
          vaults_standard_mumra_lines, nicolae_vaults_trapezoid_lopsided_1,
          nicolae_vaults_tetromino_Z_1, nicolae_vaults_trapezoid_layered,
          v_rooms_3, vaults_room_grunt_arrival_checkpoint,
          nicolae_vaults_shock_wave, layout_vaults_omnicross, serial_shops,
          nicolae_shop_back_alley_shop,
          nicolae_shop_temple_entry_statues_fountains, shop, shop
Vaults:3: st_octagons_1, minmay_crypt_entry_skeletal_spiral,
          nicolae_vaults_storage_closets_3, ontoclasm_vaults_decontamination,
          nicolae_vaults_stepped_doors, nicolae_vaults_surprise_closet,
          ontoclasm_vaults_idyll, nicolae_vaults_house_2, v_misc_23,
          nicolae_vaults_closet_pinwheel_3, layout_vaults_chaotic_city,
          serial_shops, nicolae_shop_pleasant_corner_grove, uniq_boris,
          uniq_sojobo
Vaults:4: ebering_ghost_reflecting_pool, nicolae_vaults_circle_grid_b,
          v_misc_16, nicolae_vaults_more_shelving_1, nicolae_vaults_rhombus_6,
          nicolae_vaults_enemy_cabinets, hangedman_vaults_corner,
          nicolae_vaults_tetromino_T_1, nicolae_vaults_heart-shaped_vault,
          nicolae_vaults_trapezoid_1, nicolae_vaults_tangram_1,
          nicolae_vaults_sightless_eye, hangedman_vaults_trim,
          nicolae_vaults_tetromino_T_1, layout_vaults_omnibox
Vaults:5: serial_shops
Crypt:1:  layout_chaotic_city, grunt_megastairs_3, grunt_crypt_arrival_split,
          lemuel_upstairs_altar, uniq_josephina, uniq_margery
Crypt:2:  layout_gridlike, st_stairs_8, grunt_megastairs_1
Crypt:3:  church_of_pain_bobbens, layout_chaotic_city,
          tomb_entry_sphere_bobbens, grunt_ministairs_4,
          minmay_guarded_unrand_curses, uniq_bai_suzhen, uniq_mennas, uniq_khufu
Tomb:1
Depths:1: minmay_eyes, layout_cave_pools, moated_statue, abyss_entry_glasseish,
          hell_entry, kennysheep_another_room, lemuel_old_faithful
Depths:2: minmay_the_grid_octo_tiled_squarecenter_mashed
          [minmay_the_grid_octo_fan_narrow, minmay_the_grid_octo_shrine,
          minmay_the_grid_octo_checkered, minmay_the_grid_octo_77,
          minmay_the_grid_square_5x5_megaprize_hollow,
          minmay_the_grid_square_5x5_minibox, minmay_the_grid_square_5x5_corner,
          minmay_the_grid_square_5x5_six_small, minmay_the_grid_square_5x5_v],
          layout_cave_pools, grunt_hell_horde, rand_demon_pan_entry_3,
          hangedman_decor_slide_cut
Depths:3: constructs_gauntlet_mu_hangedman, layout_honeycomb, kennysheep_path_1,
          serial_shops, freezing_bzr, abyss_entry_flame_altar, hell_entry,
          minivault_11
Depths:4: grunt_x_marks_the_spot, layout_gridville, enter_ziggurat_a,
          serial_bayou_shore_b, hell_entry, gammafunk_ghost_wrathful_warriors,
          minmay_shop_grove
Hell
Dis:1:    layout_subdivisions
Zot:1:    layout_misc_corridors, hangedman_zot_diagonal_lockstep,
          guppyfry_library_mini
Zot:2:    ebering_greatest_show_in_zot, layout_misc_corridors,
          grunt_megastairs_2, uniq_parghit
Zot:3:    lemuel_draconian_sentries, layout_misc_corridors, lemuel_golem_globe
Zot:4:    layout_gridlike, gammafunk_ghost_grave
Zot:5:    layout_basic

Skill      XL: |  1  2  3  4  5  6  7  8  9 10 11 12 13 14 15 16 17 18 19 20 21 22 23 24 25 26 27 |
---------------+----------------------------------------------------------------------------------+-----
Axes           | 2 3 4 5 7 8 10 11 13 15 16 18 19 20 21 22 23 24 25 27 | 27.0
Armour         | 4 5 6 7 8 9 10 11 12 13 14 15 16 17 23 | 23.7
Fighting       | 4 5 6 7 8 9 10 12 13 15 16 18 19 20 21 22 23 25 26 27 | 27.0
Dodging        | 1 2 3 4 5 6 7 8 |  8.6
Shields        | 4 5 6 8 9 10 11 12 13 14 15 16 17 18 19 20 21 27 | 27.0
Stealth        | 1 2 4 5 6 8 9 10 | 10.8
Evocations     | 1 2 3 4 |  4.4

Action                     |  1- 3 |  4- 6 |  7- 9 | 10-12 | 13-15 | 16-18 | 19-21 | 22-24 | 25-27 || total
---------------------------+-------+-------+-------+-------+-------+-------+-------+-------+-------++-------
  Melee: War axe           |    73 |   153 |   250 |   277 |    80 |       |       |       |       ||   833
         Broad axe         |       |       |       |   206 |   890 |  1594 |  1256 |  1955 |  2860 ||  8761
         Kick              |       |       |       |       |       |   233 |   442 |   381 |   821 ||  1877
         Bite              |       |       |       |       |       |       |    30 |   364 |   373 ||   767
         Pseudopods        |       |       |       |       |       |       |       |       |   101 ||   101
 Invoke: Oozemancy         |       |       |       |       |       |     2 |     3 |     2 |     4 ||    11
  Evoke: Wand              |       |       |     1 |    23 |    24 |       |     7 |     2 |    10 ||    67
         Box of beasts     |       |       |       |       |     1 |       |       |       |       ||     1
         Piece from Xom's  |       |       |       |       |       |     2 |       |       |       ||     2
         Lightning rod     |       |       |       |       |       |     2 |     1 |       |       ||     3
         Horn of Geryon    |       |       |       |       |       |       |       |       |     1 ||     1
    Use: Scroll            |     3 |     6 |    12 |     5 |     9 |    11 |    13 |     9 |    19 ||    87
         Potion            |       |     1 |    15 |       |     8 |     8 |     8 |     2 |     7 ||    49
   Stab: Invisible         |       |       |       |       |     1 |     4 |     8 |       |       ||    13
         Petrified         |       |       |       |       |     3 |       |       |       |       ||     3
         Confused          |       |       |       |       |    13 |    13 |       |    13 |     3 ||    42
         Sleeping          |       |       |       |       |       |       |     2 |     4 |       ||     6
         Paralysed         |       |       |       |       |       |       |       |     1 |       ||     1
         Distracted        |       |       |       |       |       |       |       |       |     1 ||     1
 Armour: Scale mail        |    92 |   134 |   178 |       |       |       |       |       |       ||   404
         Chain mail        |       |       |    12 |   344 |   502 |   880 |   742 |   356 |       ||  2836
         Plate armour      |       |       |       |    36 |    18 |       |       |       |       ||    54
         Crystal plate arm |       |       |       |       |       |       |       |   603 |  2320 ||  2923
  Dodge: Dodged            |    62 |   124 |   207 |   211 |   323 |   494 |   440 |   524 |   974 ||  3359
  Block: Buckler           |    27 |    48 |    89 |   225 |   371 |   621 |   552 |   748 |  1622 ||  4303
         Reflection        |       |       |     1 |     1 |    23 |    32 |   109 |    77 |   177 ||   420
